 Dungeon Crawl Stone Soup version 0.26-a0-540-g8a0c9464d7 (webtiles) character file.

Game seed: 17919209903095359352

4 kae the Magician (level 1, 0/13 HPs)
             Began as a Demonspawn Wanderer on Aug 24, 2020.
             Slain by a goblin (3 damage)
             ... on level 1 of the Dungeon.
             The game lasted 00:00:22 (138 turns).

kae the Magician (Demonspawn Wanderer)               Turns: 138, Time: 00:00:22

Health: 0/13       AC:  2    Str:  9    XL:     1   Next: 50%
Magic:  2/4        EV: 11    Int: 15    God:
Gold:   0          SH:  0    Dex: 13    Spells: 5/6 levels left

rFire    . . .     SeeInvis .   a - +0 dagger
rCold    . . .     Faith    .   (no shield)
rNeg     . . .     Spirit   .   d - +0 robe
rPois    .         Reflect  .   (no helmet)
rElec    .         Harm     .   (no cloak)
rCorr    .                      (no gloves)
MR       .....                  (no boots)
Stlth    +.........             (no amulet)
HPRegen  0.04/turn              (no ring)
MPRegen  0.09/turn              (no ring)

@: very slightly contaminated
A: no striking features
a: no special abilities


You were on level 1 of the Dungeon.
You visited 1 branch of the dungeon, and saw 1 of its levels.

Inventory:

Hand Weapons
 a - a +0 dagger (weapon)
Armour
 d - a +0 robe (worn)
Scrolls
 c - a scroll of enchant weapon {unknown}
 e - a scroll of magic mapping {unknown}
 f - a scroll of identify {unknown}
Potions
 b - a potion of lignification


   Skills:
   Level 1.0 Shields
 * Level 1.0 Unarmed Combat
 - Level 3.0 Spellcasting
 - Level 2.0 Summonings
   Level 1.7 Transmutations
   Level 1.0 Earth Magic
   Level 1.0 Evocations


You had 5 spell levels left.
You knew the following spells:

 Your Spells              Type           Power        Failure   Level
a - Summon Small Mammal   Summ           #...         9%          1

Your spell library contained the following spells:

 Spells                   Type           Power        Failure   Level
 Call Imp                 Summ           #.......     13%         2
 Magic Dart               Conj           #...         21%         1
 Blink                    Tloc           N/A          30%         2
 Slow                     Hex            #.......     30%         2
 Summon Guardian Golem    Hex/Summ       #.......     36%         3
 Conjure Flame            Conj/Fire      #.......     52%         3
 Mephitic Cloud           Conj/Pois/Air  #.......     52%         3


Dungeon Overview and Level Annotations

Branches:
Dungeon (1/15)

Altars:


Message History

You miscast Summon Small Mammal.
You are very lightly contaminated with residual magic.
Nothing appears to happen.
The goblin completely misses you.
Casting: Summon Small Mammal (safe; 9% risk of failure)
Confirm with . or Enter, or press ? or * to list all spells.
The goblin hits you. The goblin hits you. The goblin barely misses you.
You hit the goblin.
The goblin is heavily wounded.
The goblin barely misses you.
Your rat completely misses the goblin.
You barely miss the goblin.
The goblin is heavily wounded.
The goblin hits you.
* * * LOW HITPOINT WARNING * * *
Your rat misses the goblin. You closely miss the goblin.
The goblin is heavily wounded.
The goblin hits you.
You die...

#######.##(##.##
#.# # #.# #.#
#.# #.# #.#
#r##.##.#
#@g†....#
####..### .# #


You could see a goblin and a friendly rat (summoned).

Vanquished Creatures
  A giant cockroach (D:1)
  A kobold (D:1)
  A rat (D:1)
3 creatures vanquished.

Vanquished Creatures (collateral kills)
  A bat (D:1)
1 creature vanquished.

Grand Total: 4 creatures vanquished

Notes
Turn   | Place    | Note
-------+----------+-------------------------------------------
     0 | D:1      | kae the Demonspawn Wanderer began the quest for the Orb.
     0 | D:1      | kae set off with the following items: a +0 dagger, a potion
                  | of lignification, a +0 robe; and the following spells
                  | available to memorise: Summon Small Mammal, Call Imp, Magic
                  | Dart, Blink, Slow, Summon Guardian Golem, Conjure Flame,
                  | Mephitic Cloud
     0 | D:1      | Reached XP level 1. HP: 13/13 MP: 4/4
    70 | D:1      | Learned a level 1 spell: Summon Small Mammal
   128 | D:1      | Reached skill level 1 in Unarmed Combat
   138 | D:1      | Slain by a goblin

Illustrated notes

Levels and vault maps discovered:
D:1:      dpeg_arrival_rooms_c, layout_loops_ring, chequers_serial_rivers_room_b

Skill      XL: |  1 |
---------------+----+-----
Unarmed Combat | 1 |  1.0
Shields        | |  1.0
Spellcasting   | |  3.0
Summonings     | |  2.0
Transmutations | |  1.7
Earth Magic    | |  1.0
Evocations     | |  1.0

Action                   || total
-------------------------++-------
Melee: Dagger            ||    13
 Cast: Summon Small Mamm ||     2
 Stab: Sleeping          ||     1
Armor: Robe              ||     3
Dodge: Dodged            ||    17

Table legend: (Time is in decaauts)
 A = Elapsed time spent in this place.
 B = Non-inter-level travel time spent in this place.
 C = Inter-level travel time spent in this place.
 D = Time resting spent in this place.
 E = Time spent auto-exploring this place.
 F = Levels seen in this place.
 G = Mean time per level.
                   A        B        C        D        E       F      G
               +--------+--------+--------+--------+--------+-----+--------+
         Total |    138 |    138 |      0 |      0 |     85 |   1 |  138.0 |
       Dungeon |    138 |    138 |      0 |      0 |     85 |   1 |  138.0 |
               +--------+--------+--------+--------+--------+-----+--------+

Top non-repeatable levels by time:
     D:1: 138 daAuts
